 Dungeon Crawl Stone Soup version 0.21.1-1-g345015f (webtiles) character file.

628 Mirai the Sneak (level 7, -7/36 HPs)
             Began as a Kobold Enchanter on Apr 27, 2018.
             Mangled by a mummy (14 damage)
             ... in an ossuary.
             The game lasted 00:10:31 (3653 turns).

Mirai the Sneak (Kobold Enchanter)                  Turns: 3653, Time: 00:10:32

Health: -7/36      AC:  4    Str:  5    XL:     7   Next: 77%
Magic:  2/12       EV: 18    Int: 16    God:
Gold:   164        SH:  0    Dex: 20    Spells: 5/13 levels left

rFire    . . .     SeeInvis .   a - +1 dagger
rCold    . . .     Gourm    .   (shield restricted)
rNeg     . . .     Faith    .   b - +0 robe
rPois    .         Spirit   .   (no helmet)
rElec    .         Reflect  .   j - +0 cloak
rCorr    .         Harm     .   (no gloves)
MR       .....                  m - +0 pair of boots
Stlth    ++++......             (no amulet)
HPRegen  0.12/turn              g - +2 ring of dexterity
MPRegen  0.13/turn              (no ring)

@: no status effects
A: small, carnivore
a: no special abilities


You were in an ossuary.
You were very full.

You visited 1 branch of the dungeon, and saw 4 of its levels.
You also visited: Ossuary.

You collected 164 gold pieces.

Inventory:

Hand Weapons
 a - a +1 dagger (weapon)
Armour
 b - a +0 robe (worn)
 j - a +0 cloak (worn)
 m - a +0 pair of boots (worn)
Jewellery
 g - a +2 ring of dexterity (left hand)
Scrolls
 e - 2 scrolls of identify
 i - 3 scrolls of amnesia
 l - a scroll of remove curse
 n - a scroll of teleportation
Books
 c - a book of Maledictions

   Spells                             Type                      Level
   a - Corona                         Hexes                        1
   b - Ensorcelled Hibernation        Hexes/Ice                    2
   c - Confuse                        Hexes                        3
   d - Tukima's Dance                 Hexes                        3
   e - Dazzling Spray                 Conjuration/Hexes            3
Comestibles
 d - 5 rations


   Skills:
 + Level 4.4 Short Blades
 + Level 4.5 Dodging
 * Level 6.6 Stealth
 + Level 3.9 Spellcasting
 + Level 4.5 Hexes
 + Level 1.3 Ice Magic


You had 5 spell levels left.
You knew the following spells:

 Your Spells              Type           Power        Failure   Level  Hunger
b - Ensorcelled Hibernat  Hex/Ice        ##....       8%          2    ##.....
c - Confuse               Hex            ###.....     8%          3    ###....
d - Tukima's Dance        Hex            ###.....     8%          3    ###....


Dungeon Overview and Level Annotations

Branches:
Dungeon (4/15)
 Temple: D:4-7

Altars:
Ashenzari
Hepliaklqana
Nemelex Xobeh
Qazlal
Ru
Sif Muna
The Shining One


Innate Abilities, Weirdness & Mutations

You are small and have problems with some larger weapons.
You are carnivorous and can eat meat at any time.


Message History

The mummy is severely damaged.
You hit the mummy but do no damage.
The mummy is severely damaged.
The mummy barely misses you.
You hit the mummy.
The mummy is severely damaged.
You hit the mummy.
The mummy is severely damaged.
The mummy misses you.
You hit the mummy.
The mummy is almost destroyed.
You hit the mummy but do no damage.
The mummy is almost destroyed.
The mummy misses you.
You hit the mummy but do no damage.
The mummy is almost destroyed.
You hit the mummy but do no damage.
The mummy is almost destroyed.
The mummy hits you!
You die...

##.......##
#.........#
+....⌠....+
#.........#
#.......#
#.....# #'#
#M# ##@##
#.∩.# #.∩.#
#####


You could see a mummy.

Vanquished Creatures
  Sigmund (D:2)
  The ghost of Verendum the Twirler, an amateur MiGl (D:3)
  A big kobold (D:4)
  Crazy Yiuf (D:2)
  A hound (D:4)
  A bullfrog skeleton (D:4)
  A worker ant (D:3)
  2 mummies (Ossuary)
  7 gnolls
  3 adders
  4 oozes
  3 worms
  A dart slug (D:3)
  3 leopard geckos
  3 orcs (D:3)
  3 giant cockroaches
  A goblin (D:2)
  7 hobgoblins
  2 jackals (D:1)
  3 quokkas
  A ball python (D:3)
  8 bats
  6 frilled lizards
  8 kobolds
  6 rats
78 creatures vanquished.

Notes
Turn   | Place    | Note
-------+----------+-------------------------------------------
     0 | D:1      | Mirai the Kobold Enchanter began the quest for the Orb.
     0 | D:1      | Reached XP level 1. HP: 10/10 MP: 3/3
   147 | D:1      | Reached XP level 2. HP: 3/15 MP: 5/5
   151 | D:1      | Learned a level 2 spell: Ensorcelled Hibernation
   233 | D:1      | Found a glowing golden altar of the Shining One.
   854 | D:1      | Reached XP level 3. HP: 17/19 MP: 6/6
  1152 | D:2      | Noticed a centaur
  1333 | D:2      | Reached XP level 4. HP: 24/24 MP: 4/7
  1772 | D:2      | Reached XP level 5. HP: 24/28 MP: 6/9
  1897 | D:2      | Learned a level 3 spell: Confuse
  1901 | D:2      | Learned a level 3 spell: Tukima's Dance
  1925 | D:2      | Found a runed door.
  1934 | D:2      | Noticed Crazy Yiuf
  1940 | D:2      | Killed Crazy Yiuf
  1940 | D:2      | Reached skill level 5 in Stealth
  2284 | D:2      | Noticed Sigmund
  2287 | D:2      | Killed Sigmund
  2287 | D:2      | Reached XP level 6. HP: 32/32 MP: 9/11
  2560 | D:3      | Found a sacrificial altar of Ru.
  2564 | D:3      | Found a sparkling altar of Nemelex Xobeh.
  2614 | D:3      | Found a shattered altar of Ashenzari.
  2622 | D:3      | Found a hazy altar of Hepliaklqana.
  2622 | D:3      | Found a stormy altar of Qazlal.
  2671 | D:3      | Noticed Verendum's ghost (amateur MiGl)
  2798 | D:3      | Killed Verendum's ghost
  2798 | D:3      | Reached skill level 6 in Stealth
  2798 | D:3      | Reached XP level 7. HP: 11/36 MP: 2/12
  3086 | D:3      | Found a deep blue altar of Sif Muna.
  3308 | D:4      | Reached skill level 1 in Ice Magic
  3352 | D:4      | Found a sand-covered staircase.
  3447 | Ossuary  | Entered an ossuary
  3653 | Ossuary  | Mangled by a mummy

Skill      XL: |  1  2  3  4  5  6  7 |
---------------+----------------------+-----
Short Blades   | 2 3 4 |  4.4
Dodging        | 3 4 |  4.5
Stealth        | 5 6 |  6.6
Spellcasting   | 3 |  3.9
Hexes          | 4 |  4.5
Ice Magic      | 1 |  1.3

Action                   |  1- 3 |  4- 6 |  7- 9 || total
-------------------------+-------+-------+-------++-------
Melee: Dagger            |   119 |   132 |   167 ||   418
 Cast: Ensorcelled Hiber |     7 |    23 |    11 ||    41
       Confuse           |       |     7 |     8 ||    15
  Use: Potion            |     1 |     5 |     1 ||     7
       Scroll            |       |       |     5 ||     5
 Stab: Sleeping          |    11 |    14 |     3 ||    28
       Confused          |       |     2 |     1 ||     3
  Eat: Chunk             |    10 |     6 |     5 ||    21
Armor: Robe              |    27 |    20 |     7 ||    54
Dodge: Dodged            |   133 |   123 |    91 ||   347
